 Dungeon Crawl Stone Soup version 0.28-a0-1374-ga75cb3825e (webtiles) character file.

Game seed: 5798043462895282260

211 Shayle the Sneak (level 5, 0/38 HPs)
             Began as a Demonspawn Warper on Jan 1, 2022.
             Was an Initiate of Gozag.
             Slain by an iguana (10 damage)
             ... on level 5 of the Dungeon.
             The game lasted 00:07:56 (3150 turns).

Shayle the Sneak (Demonspawn Warper)                Turns: 3150, Time: 00:07:56

Health: 0/38       AC:  4    Str: 12    XL:     5   Next: 57%
Magic:  8/8        EV: 11    Int: 14    God:    Gozag
Gold:   158        SH:  0    Dex: 14    Spells: 8/8 levels left

rFire   + . .      SeeInvis .   t - +1 whip (elec)
rCold   . . .      Faith    .   (no shield)
rNeg    . . .      Spirit   .   b - +0 leather armour
rPois   .          Reflect  .   (helmet restricted)
rElec   .          Harm     .   (no cloak)
rCorr   +          Rampage  .   (no gloves)
Will    .....                   (no boots)
Stlth   +++.......              (no amulet)
HPRegen 0.12/turn               j - ring of protection from fire
MPRegen 0.11/turn               i - ring of resist corrosion

@: no status effects
A: antennae 1, powered by pain 1, sharp scales 1
a: Renounce Religion, Potion Petition, Call Merchant, Bribe Branch


You were on level 5 of the Dungeon.
You worshipped Gozag.
Gozag was aware of your devotion.
You visited 2 branches of the dungeon, and saw 6 of its levels.

You collected 217 gold pieces.
You paid 59 gold pieces to Gozag.

Inventory:

Hand Weapons
 a - a +1 hand axe
 l - the +5 short sword "Undertaker" {vamp, rPois Int+2}
   (You found it on level 4 of the Dungeon)

   It occasionally heals its wielder for a portion of the damage dealt when it
   wounds a living foe.
   Int:       It affects your intelligence (+2).
   rPois:     It protects you from poison.
 o - a +0 lajatang
 t - a +1 whip of electrocution (weapon)
Missiles
 d - 5 boomerangs of dispersal (quivered)
 f - 23 poisoned darts
 p - 2 javelins
Armour
 b - a +0 leather armour (worn)
 s - a +1 robe of willpower
Jewellery
 i - a ring of resist corrosion (right hand)
 j - a ring of protection from fire (left hand)
Scrolls
 c - 2 scrolls of blinking
 e - a scroll of teleportation
 h - 4 scrolls of enchant weapon
 q - a scroll of identify
Potions
 g - a potion of resistance
 k - 2 potions of berserk rage
 m - a potion of flight {unknown}
 n - a potion of curing {unknown}
 r - 2 potions of invisibility {unknown}


   Skills:
 - Level 2.0 Fighting
 - Level 1.7 Axes
 - Level 0.8 Throwing
 - Level 0.8 Armour
 - Level 1.7 Dodging
 + Level 5.4 Stealth
 - Level 2.0 Spellcasting
 - Level 2.6 Translocations


You had 8 spell levels left.
You didn't know any spells.
Your spell library contained the following spells:

 Spells                   Type           Power      Damage    Failure   Level
 Blink                    Tloc           16%        N/A       16%         2
 Animate Skeleton         Necr           2%         N/A       30%         1
 Beastly Appendage        Tmut           2%         N/A       30%         1
 Pain                     Necr           4%         1d4       30%         1
 Gell's Gravitas          Tloc           8%         N/A       30%         3
 Lesser Beckoning         Tloc           8%         N/A       30%         3
 Teleport Other           Tloc           8%         N/A       30%         3
 Wereblood                Tmut           1%         N/A       41%         2
 Spider Form              Tmut/Pois      1%         N/A       65%         3
 Vampiric Draining        Necr           1%         2d6       65%         3
 Manifold Assault         Tloc           8%         N/A       95%         5
 Storm Form               Tmut/Air       0%         N/A       100%        7


Dungeon Overview and Level Annotations

Branches:
Dungeon (5/15)             Temple (1/1) D:4

Altars:
Ashenzari
Cheibriados
Elyvilon
Fedhas
Gozag
Kikubaaqudgha
Makhleb
Nemelex Xobeh
Qazlal
Sif Muna
Trog
Uskayaw
Vehumet
Wu Jian
Xom

Annotations:
D:2 Robin
D:4 3 runed translucent doors, Clumpoid's ghost, amateur FoFi


Innate Abilities, Weirdness & Mutations

You have a pair of small antennae on your head.
You sometimes gain a little power by taking damage.
You are partially covered in razor-sharp scales. (AC +1, Slay +1)


Message History

You see here a +1 whip of electrocution.
t - a +1 whip of electrocution You start resting.
A hound skeleton comes into view.
You feel the dreadful sensation subside.
You hear the crackle of electricity.
t - a +1 whip of electrocution (weapon)
Found a curved jewelled staff.
You barely miss the hound skeleton. The hound skeleton closely misses you.
The hound skeleton bites you.
You barely miss the hound skeleton. The hound skeleton bites you.
You closely miss the hound skeleton. The hound skeleton barely misses you.
You hit the hound skeleton.
Lightning courses through the hound skeleton!!
You destroy the hound skeleton!
You now have 158 gold pieces (gained 4).
You start resting.
An iguana comes into view.
A bullfrog skeleton comes into view.
You start resting.
An iguana is nearby!
Okay, then.
Okay, then.
You closely miss the iguana. The iguana bites you.
You hit the iguana but do no damage. Lightning courses through the iguana!
The iguana is heavily wounded.
The iguana bites you.
You hit the iguana.
The iguana is severely wounded.
The iguana barely misses you.
You hit the iguana but do no damage.
The iguana is severely wounded.
The iguana hisses menacingly.
The iguana bites you.
* * * LOW HITPOINT WARNING * * *
You barely miss the iguana.
The iguana is severely wounded.
The iguana bites you!
You die...
Your body crumbles into a pile of gold.

#.......##.#####.##.#
#.....####.# #.##.#
#.....# #.# ###.##.#
#.....####.###...(..#
#................####
#..........###.###
##..##.###### #.#
#...##.# #.# #....l@#
#.# #...#### #.#
#...?. #.# #......
#.# ........#
.##....... #
#....Z.## #.##...#


You could see an iguana.

Vanquished Creatures
  A centaur (D:5)
  A bullfrog zombie (D:5)
  A killer bee zombie (D:5)
  2 hound skeletons
  2 orcs
  2 bats
  A giant cockroach (D:3)
  3 goblins (D:3)
  8 hobgoblins
  9 jackals
  4 kobolds
  A quokka (D:3)
  5 ball pythons
  2 frilled lizards
  3 rats
45 creatures vanquished.

Vanquished Creatures (others)
  23 plants (D:1)
23 creatures vanquished.

Grand Total: 68 creatures vanquished

Notes
Turn   | Place    | Note
-------+----------+-------------------------------------------
     0 | D:1      | Shayle the Demonspawn Warper began the quest for the Orb.
     0 | D:1      | Reached XP level 1. HP: 16/16 MP: 3/3
   145 | D:1      | Reached skill level 1 in Stealth
   459 | D:1      | Gained mutation: You have a pair of small antennae on your
                  | head. [demonic ancestry]
   459 | D:1      | Reached XP level 2. HP: 18/22 MP: 5/5
   632 | D:1      | Reached skill level 2 in Stealth
  1338 | D:2      | Noticed Robin
  1553 | D:3      | Gained mutation: You sometimes gain a little power by
                  | taking damage. [demonic ancestry]
  1553 | D:3      | Reached XP level 3. HP: 22/27 MP: 6/6
  1879 | D:3      | Found a faded altar of an unknown god.
  1884 | D:3      | Reached skill level 3 in Stealth
  2319 | D:4      | Found a shimmering blue altar of Sif Muna.
  2330 | D:4      | Identified the +5 short sword "Undertaker" {vamp, rPois
                  | Int+2}
  2350 | D:4      | Found a runed translucent gate.
  2351 | D:4      | Found a runed translucent gate.
  2356 | D:4      | Noticed Clumpoid's ghost (amateur FoFi)
  2365 | D:4      | Found a runed translucent gate.
  2426 | D:4      | Found a snail-covered altar of Cheibriados.
  2450 | D:4      | Found a staircase to the Ecumenical Temple.
  2463 | Temple   | Entered the Ecumenical Temple
  2513 | Temple   | Became a worshipper of Gozag Ym Sagoz the Greedy
  2830 | D:5      | Entered Level 5 of the Dungeon
  2885 | D:5      | Reached skill level 4 in Stealth
  2885 | D:5      | Gained mutation: You are partially covered in razor-sharp
                  | scales. (AC +1, Slay +1) [demonic ancestry]
  2885 | D:5      | Reached XP level 4. HP: 20/33 MP: 7/7
  3005 | D:5      | Noticed a centaur
  3014 | D:5      | Killed a centaur
  3015 | D:5      | Reached skill level 5 in Stealth
  3015 | D:5      | Reached XP level 5. HP: 28/38 MP: 8/8
  3150 | D:5      | Slain by an iguana

Illustrated notes

Levels and vault maps discovered:
D:1:      wander_arrival_peaceful_grave, layout_loops_cross, serial_bayou_lake_a
D:2:      layout_loops_ring, serial_bayou_pond_d, item_on_display_a,
          uniq_terence, uniq_robin
D:3:      layout_rooms, hellmonk_ecumenical_altar_heavens_door
D:4:      layout_rooms, lemuel_round_altar, mainiacjoe_overflow_small_starburst,
          minmay_temple_entry_offerings, gammafunk_ghost_split
D:5:      layout_loops_ring, grunt_dithmenos_smoke,
          mainiacjoe_overflow_alcove_1, mainiacjoe_overflow_24_doors,
          uniq_blork_the_orc
Temple:   cyrus_circular_temple

Skill      XL: |  1  2  3  4 |
---------------+-------------+-----
Stealth        | 1 2 4 5 |  5.4
Fighting       | |  2.0
Axes           | |  1.7
Throwing       | |  0.8
Armour         | |  0.8
Dodging        | |  1.7
Spellcasting   | |  2.0
Translocations | |  2.6

Action                   |  1- 3 |  4- 6 || total
-------------------------+-------+-------++-------
Melee: Hand axe          |   132 |       ||   132
       Short sword       |    26 |    11 ||    37
       Whip              |       |     9 ||     9
  Use: Scroll            |     6 |       ||     6
 Stab: Sleeping          |     4 |       ||     4
Armor: Leather armour    |    55 |     3 ||    58
Dodge: Dodged            |   105 |    16 ||   121

Table legend: (Time is in decaauts)
 A = Elapsed time spent in this place.
 B = Non-inter-level travel time spent in this place.
 C = Inter-level travel time spent in this place.
 D = Time resting spent in this place.
 E = Time spent auto-exploring this place.
 F = Levels seen in this place.
 G = Mean time per level.
                   A        B        C        D        E       F      G
               +--------+--------+--------+--------+--------+-----+--------+
         Total |   3225 |   3153 |     72 |    309 |   2059 |   6 |  537.5 |
       Dungeon |   3167 |   3102 |     65 |    309 |   2041 |   5 |  633.4 |
        Temple |     57 |     50 |      7 |      0 |     18 |   1 |   57.0 |
               +--------+--------+--------+--------+--------+-----+--------+

Top non-repeatable levels by time:
     D:1: 1265 daAuts
     D:3: 885 daAuts
     D:4: 499 daAuts
     D:5: 321 daAuts
     D:2: 194 daAuts
  Temple: 57 daAuts
